 Dungeon Crawl Stone Soup version 0.28.0-1-gb440e238dd (webtiles) character file.

Game seed: 12280689200324940986

149 Woods the Chopper (level 5, -3/32 HPs)
             Began as a Gargoyle Fighter on Feb 23, 2022.
             Slain by an orc warrior (15 damage)
             ... on level 4 of the Dungeon.
             The game lasted 00:02:41 (2796 turns).

Woods the Chopper (Gargoyle Fighter)                Turns: 2796, Time: 00:02:42

Health: -3/32      AC: 12    Str: 20    XL:     5   Next: 31%
Magic:  5/5        EV:  9    Int:  8    God:
Gold:   64         SH:  4    Dex: 11    Spells: 4/4 levels left

rFire   . . .      SeeInvis .   a - +0 war axe
rCold   . . .      Faith    .   c - +0 buckler
rNeg    + . .      Spirit   .   b - +0 scale mail
rPois   ∞          Reflect  .   (no helmet)
rElec   +          Harm     .   k - +0 cloak
rCorr   .          Rampage  .   (no gloves)
Will    .....                   (no boots)
Stlth   ..........              (no amulet)
HPRegen 0.10/turn               (no ring)
MPRegen 0.09/turn               (no ring)

@: mighty
A: sickness immunity, AC +4, negative energy resistance 1, electricity
resistance, torment resistance 1, petrification resistance
a: no special abilities


You were on level 4 of the Dungeon.
You visited 1 branch of the dungeon, and saw 4 of its levels.

You collected 64 gold pieces.

Inventory:

Hand Weapons
 a - a +0 war axe (weapon)
Armour
 b - a +0 scale mail (worn)
 c - a +0 buckler (worn)
 k - a +0 cloak (worn)
Scrolls
 f - 2 scrolls of noise {unknown}
 j - a scroll of enchant armour {unknown}
 l - 2 scrolls of enchant weapon {unknown}
Potions
 e - 2 potions of curing {unknown}
 g - a potion of heal wounds {unknown}
 h - a potion of magic {unknown}
 i - a potion of invisibility {unknown}


   Skills:
 - Level 3.2 Fighting
 + Level 4.9 Axes
 - Level 3.2 Armour
 - Level 3.2 Shields


You had 4 spell levels left.
You didn't know any spells.
Your spell library was empty.

Dungeon Overview and Level Annotations

Branches:
Dungeon (4/15)
 Temple: D:4-7

Altars:
Sif Muna

Shops:
D:1 =

Annotations:
D:2 1 runed translucent door, Crazy Yiuf


Innate Abilities, Weirdness & Mutations

You are immune to sickness and miasma.
Your stone body is resilient. (AC +4)
You are immune to poison.
You resist negative energy. (rN+)
You are resistant to electric shocks. (rElec)
You are resistant to unholy torment.
You are immune to petrification.


Message History

The hound is moderately wounded.
The hound bites you but does no damage. You block the hound's attack.
You closely miss the hound.
The hound is moderately wounded.
The hound bites you but does no damage. The hound barely misses you.
You hit the hound but do no damage.
The hound is moderately wounded.
The hound bites you. The hound barely misses you.
You slash the hound!
You kill the hound!
You barely miss the kobold. The kobold barely misses you.
You hit the kobold.
You kill the kobold!
An orc warrior comes into view. It is wielding a +0 war axe.
An orc comes into view.
It is wielding a +0 whip and wearing a +2 leather armour of cold resistance.
Things that are here:
a +0 short sword; a kobold corpse
There are monsters nearby!
Press: ? - help, v - describe, . - travel
Here: an orc warrior, wielding a +0 war axe and wearing a +0 plate armour The floor.
You feel very mighty all of a sudden.
You closely miss the orc warrior.
The orc warrior hits you but does no damage.
You hit the orc warrior.
The orc warrior is lightly wounded.
The orc warrior hits you with a +0 war axe.
An orc comes into view. It is wielding a +0 dagger.
The orc shouts!
You hit the orc warrior.
The orc warrior is moderately wounded.
The orc warrior hits you with a +0 war axe!
You slash the orc warrior!
The orc warrior is severely wounded.
The orc warrior hits you with a +0 war axe!
You block the orc warrior's attack.
You slash the orc warrior!
The orc warrior is almost dead.
The orc warrior hits you with a +0 war axe!
You die...

#.#..##.# #o#.
#.#.###.# #.#.
#.#.# #.# #.#.
#.#.###.# #o..
#.......# #...
###.##### #.# ...
#.#
.....#.##########.#
#...).ooo@.....#
#.....#############
#####


You could see an orc warrior and 2 orcs.

Vanquished Creatures
  2 hounds
  5 adders
  2 dart slugs
  2 orcs (D:3)
  A ball python (D:1)
  5 bats
  4 endoplasms
  8 hobgoblins
  4 kobolds
  A quokka (D:2)
  2 frilled lizards
  2 goblins
  A rat (D:1)
39 creatures vanquished.

Notes
Turn   | Place    | Note
-------+----------+-------------------------------------------
     0 | D:1      | Woods the Gargoyle Fighter began the quest for the Orb.
     0 | D:1      | Reached XP level 1. HP: 14/14 MP: 1/1
   128 | D:1      | Reached skill level 2 in Axes
   428 | D:1      | Found Gallouh's Jewellery Shop.
   574 | D:1      | Reached XP level 2. HP: 19/19 MP: 2/2
   638 | D:1      | Found a faded altar of an unknown god.
  1189 | D:2      | Reached skill level 3 in Axes
  1189 | D:2      | Reached XP level 3. HP: 23/23 MP: 3/3
  1640 | D:2      | Found a runed translucent door.
  1641 | D:2      | Noticed Crazy Yiuf
  1721 | D:2      | Reached XP level 4. HP: 22/28 MP: 4/4
  2191 | D:3      | Reached skill level 4 in Axes
  2426 | D:3      | Reached XP level 5. HP: 30/32 MP: 5/5
  2601 | D:3      | Found a shimmering blue altar of Sif Muna.
  2784 | D:4      | Noticed an orc warrior
  2796 | D:4      | Slain by an orc warrior

Illustrated notes

Levels and vault maps discovered:
D:1:      scummos_arrival_simple_crosswalls, layout_basic,
          shapermc_ecumenical_altar_notcrosses, serial_shops,
          nicolae_shop_hallway_plus, serial_aquarium,
          aquarium_bridge_long_separate [aquarium_subvault_balcony,
          aquarium_subvault_window, aquarium_subvault_bridge,
          aquarium_subvault_bridge, aquarium_subvault_balcony,
          aquarium_subvault_bridge], aquarium_bridge_square
          [aquarium_subvault_balcony, aquarium_subvault_bridge,
          aquarium_subvault_wall, aquarium_subvault_bridge],
          aquarium_window_corner, aquarium_window_fake, aquarium_view_2b,
          aquarium_pool_double, minmay_hedge_maze
D:2:      layout_rooms, uniq_crazy_yiuf_cottage
D:3:      layout_loops_ring, nicolae_sif_muna_little_library
D:4:      layout_loops_corners

Skill      XL: |  1  2  3  4 |
---------------+-------------+-----
Axes           | 2 3 4 |  4.9
Fighting       | |  3.2
Armour         | |  3.2
Shields        | |  3.2

Action                   |  1- 3 |  4- 6 || total
-------------------------+-------+-------++-------
Melee: War axe           |   108 |    56 ||   164
  Use: Potion            |       |     1 ||     1
Armor: Scale mail        |    66 |    25 ||    91
Dodge: Dodged            |    72 |    20 ||    92
Block: Buckler           |    18 |     9 ||    27
